AoeStats
← dean

Arena

511044434Analyzed
1v1 RM · 7h ago on Oct 3, 2026· 43m 43s· 2 players
Game mode
Random Map
Map size
Tiny (2 player)
Population
200
Speed
Normal
Resources
Standard
Victory
Conquest
Starting age
Dark Age
Ending age
Imperial Age
RankedLock teamsTeams togetherTeam positionsShared explorationLock speedFull tech treeHidden civsTurbo modeCheats
Victory
Defeat
🇧🇷 Burgundians · Brazil
1126
+17
🇺🇸 Malay · United States
1150
-17
vascoduro
5:45 Double-Bit Axe
12:04 Feudal Age
10:20 Horse Collar
16:29 Castle Age
14:21 Stone Mining
15:07 Bow Saw
15:14 Heavy Plow
15:24 Gold Mining
16:47 Stone Shaft Mining
17:54 Wheelbarrow
17:45 Fletching
18:42 Bodkin Arrow
18:38 Loom
20:50 Town Watch
31:45 Imperial Age
30:35 Gold Shaft Mining
31:35 Two-Man Saw
31:10 Scale Barding Armor
31:55 Crop Rotation
32:08 Forging
33:50 Iron Casting
33:41 Conscription
34:43 Hand Cart
35:25 Town Patrol
36:55 Blast Furnace
36:51 Chain Barding Armor
36:49 Treadmill Crane
38:19 Hoardings
40:32 Chemistry
39:38 Bracer
39:41 Crossbowman
41:29 Plate Barding Armor
41:53 Padded Archer Armor
42:57 Ballistics
dean
10:48 Feudal Age
16:11 Castle Age
26:42 Double-Bit Axe
26:38 Horse Collar
32:34 Man-at-Arms
34:28 Gold Mining
34:49 Bow Saw
39:22 Imperial Age
37:00 Long Swordsman
38:32 Loom
38:15 Two-Handed Swordsman
39:36 Fletching
40:22 Forced Levy
40:55 Block Printing
41:02 Sanctity
40:43 Atonement
Connection lost

Rejoining the realm…

Still unreachable

The connection could not be restored.

Session expired

The server has moved on; the page needs a fresh start.